 Dungeon Crawl Stone Soup version 0.28-a0-1206-g193881aaa2 (webtiles) character file.

Game seed: 305497770604088195

3779 SensoryNuts the Carver (level 9, 0/68 HPs)
             Began as a Demonspawn Fighter on Dec 20, 2021.
             Was an Initiate of Gozag.
             Slain by a 12-headed hydra (1 damage)
             ... on level 8 of the Dungeon.
             The game lasted 00:10:17 (8727 turns).

SensoryNuts the Carver (Demonspawn Fighter)         Turns: 8727, Time: 00:10:18

Health: 0/68       AC: 10    Str: 25 (28) XL:     9   Next: 95%
Magic:  11/11      EV: 15    Int:  6 (9)  God:    Gozag
Gold:   508        SH:  4    Dex: 10 (12) Spells: 11/11 levels left

rFire   . . .      SeeInvis .   f - +3 falchion (vamp)
rCold   . . .      Faith    .   c - +0 buckler
rNeg    . . .      Spirit   .   b - +0 scale mail
rPois   .          Reflect  .   (no helmet)
rElec   .          Harm     .   (no cloak)
rCorr   .          Rampage  .   (no gloves)
Will    .....                   (no boots)
Stlth   ..........              (no amulet)
HPRegen 0.21/turn               h - +4 ring of evasion
MPRegen 0.12/turn               p - +6 ring of strength

@: gold aura
A: hooves 2, slimy green scales 2, foul stench 2
a: Renounce Religion, Potion Petition, Call Merchant, Bribe Branch


You were on level 8 of the Dungeon.
You worshipped Gozag.
Gozag was pleased with you.
You visited 1 branch of the dungeon, and saw 8 of its levels.

You collected 2269 gold pieces.
You spent 1192 gold pieces at shops.
You paid 569 gold pieces to Gozag.

Inventory:

Hand Weapons
 a - a +0 long sword
 f - a +3 vampiric falchion (weapon)
Armour
 b - a +0 scale mail (worn)
 c - a +0 buckler (worn)
 q - a scarf of harm
Jewellery
 h - a +4 ring of evasion (left hand)
 o - a ring of protection from fire
 p - a +6 ring of strength (right hand)
 s - a ring of protection from cold
Wands
 i - a wand of acid (18)
 l - a wand of iceblast (4)
 v - a wand of digging (6)
Scrolls
 g - a scroll of blinking
 j - a scroll of fog
 k - 2 scrolls of teleportation
 t - a scroll of vulnerability
 u - a scroll of amnesia
Potions
 d - a potion of flight


   Skills:
 + Level 5.1 Fighting
 + Level 2.3(5.7) Short Blades
 * Level 8.2(8.4) Long Blades
 + Level 1.5(2.2) Axes
 + Level 1.5(2.2) Maces & Flails
 + Level 1.5(2.2) Polearms
 + Level 1.5(2.2) Staves
 + Level 1.5(1.9) Slings
 + Level 2.2 Bows
 + Level 2.0 Crossbows
 + Level 1.5(1.9) Throwing
 + Level 5.3 Armour
 + Level 3.3 Dodging
 + Level 2.1 Stealth
 + Level 4.4 Shields
 + Level 1.5 Unarmed Combat
 + Level 1.5 Spellcasting
 + Level 1.7 Conjurations
 + Level 1.7 Hexes
 + Level 1.7 Summonings
 + Level 1.9 Necromancy
 + Level 1.5 Translocations
 + Level 1.5 Transmutations
 + Level 1.5 Fire Magic
 + Level 1.5 Ice Magic
 + Level 1.5 Air Magic
 + Level 1.8 Earth Magic
 + Level 1.7 Poison Magic
 + Level 2.3 Invocations
 + Level 1.7 Evocations


You had 11 spell levels left.
You didn't know any spells.
Your spell library contained the following spells:

 Spells                   Type           Power      Damage    Failure   Level
 Beastly Appendage        Tmut           4%         N/A       45%         1
 Foxfire                  Conj/Fire      8%         2x1d4     45%         1
 Wereblood                Tmut           2%         N/A       61%         2
 Conjure Flame            Conj/Fire      2%         6-21      83%         3
 Inner Flame              Hex/Fire       2%         N/A       83%         3
 Portal Projectile        Hex/Tloc       4%         N/A       83%         3
 Spider Form              Tmut/Pois      2%         N/A       83%         3
 Flame Wave               Conj/Fire      2%         2d4       99%         4
 Blade Hands              Tmut           1%         N/A       100%        5
 Excruciating Wounds      Necr           1%         N/A       100%        5


Dungeon Overview and Level Annotations

Branches:
Dungeon (8/15)             Temple (0/1) D:4
   Lair: D:8-11

Altars:
Elyvilon
Gozag
Ru
Sif Muna
Xom
Zin

Shops:
D:3 *


Innate Abilities, Weirdness & Mutations

You have hoof-like feet.
You are mostly covered in slimy green scales. (AC +3)
You sometimes emit foul miasma when damaged in melee.


Message History

The 12-headed hydra bites you!
The 12-headed hydra completely misses you.
The 12-headed hydra bites you but does no damage.
The 12-headed hydra misses you.
The 12-headed hydra bites you but does no damage.
The 12-headed hydra misses you. The 12-headed hydra bites you.
* * * LOW HITPOINT WARNING * * *
The 12-headed hydra bites you but does no damage.
The 12-headed hydra bites you!
* * * LOW HITPOINT WARNING * * *
The 12-headed hydra bites you.
* * * LOW HITPOINT WARNING * * *
You feel better.
The 12-headed hydra is distracted by your dazzling golden aura.
Unknown command.
You feel better.
The 12-headed hydra is no longer distracted by gold.
The 12-headed hydra bites you but does no damage.
The 12-headed hydra barely misses you. The 12-headed hydra bites you.
* * * LOW HITPOINT WARNING * * *
You emit a cloud of foul miasma!
The 12-headed hydra barely misses you. You block the 12-headed hydra's attack.
The 12-headed hydra bites you.
* * * LOW HITPOINT WARNING * * *
You block the 12-headed hydra's attack. The 12-headed hydra bites you.
* * * LOW HITPOINT WARNING * * *
The 12-headed hydra bites you but does no damage. x3
The 12-headed hydra bites you!
* * * LOW HITPOINT WARNING * * *
You feel better.
The 12-headed hydra is engulfed in dark miasma.
The 12-headed hydra bites you but does no damage.
The 12-headed hydra bites you.
* * * LOW HITPOINT WARNING * * *
The 12-headed hydra closely misses you. x3
The 12-headed hydra bites you but does no damage. x2
The 12-headed hydra bites you.
* * * LOW HITPOINT WARNING * * *
The 12-headed hydra barely misses you. The 12-headed hydra bites you.
You die...
Your body crumbles into a pile of gold.

$ ###############
#.............#
#.............#
######..$.......<..#
...................+
.......@...........#
......D$........)..#
.......########)####
?...... #)#####
....... #.....#
....... #.....#
....... #.....###
....... #.....'.##
##....#...


You could see a 12-headed hydra (poisoned, slow).

Vanquished Creatures
  A steam dragon (D:6)
  3 water moccasins
  A sky beast (D:6)
  An orc warrior (D:6)
  An ice beast (D:7)
  2 black bears
  An ogre (D:4)
  2 kobold brigands
  4 bullfrogs
  A gnoll sergeant (D:8)
  4 scorpions
  A water moccasin skeleton (D:5)
  3 bullfrog zombies
  2 centaur zombies (D:7)
  2 jellies
  A gnoll shaman (D:7)
  2 bullfrog skeletons
  3 centaur skeletons
  2 orc priests (D:6)
  Ijyb (D:5)
  Natasha (thrice) (D:4)
  3 iguanas
  3 orc wizards
  A hound skeleton (D:4)
  A hound zombie (D:5)
  6 gnolls
  8 adders
  An ufetubus (D:7)
  An adder skeleton (D:4)
  3 dart slugs
  25 orcs
  3 ball pythons
  5 bats
  7 endoplasms
  2 giant cockroaches (D:3)
  7 goblins
  6 hobgoblins
  8 jackals
  4 quokkas
  3 frilled lizards
  20 kobolds
  3 rats (D:3)
161 creatures vanquished.

Vanquished Creatures (others)
  An orc (D:6)
1 creature vanquished.

Grand Total: 162 creatures vanquished

Notes
Turn   | Place    | Note
-------+----------+-------------------------------------------
     0 | D:1      | SensoryNuts the Demonspawn Fighter began the quest for the
                  | Orb.
     0 | D:1      | Reached XP level 1. HP: 18/18 MP: 1/1
   350 | D:1      | Reached skill level 2 in Long Blades
   350 | D:1      | Gained mutation: You may rarely emit foul miasma when
                  | damaged in melee. [demonic ancestry]
   350 | D:1      | Reached XP level 2. HP: 16/24 MP: 2/2
   989 | D:2      | Gained mutation: You are partially covered in slimy green
                  | scales. (AC +2) [demonic ancestry]
   989 | D:2      | Reached XP level 3. HP: 18/29 MP: 3/3
  1801 | D:2      | Identified a scroll of acquirement
  1801 | D:2      | Acquired 1032 gold pieces
  2074 | D:3      | Found a faded altar of an unknown god.
  2188 | D:3      | Found an opulent altar of Gozag.
  2217 | D:3      | Became a worshipper of Gozag Ym Sagoz the Greedy
  2274 | D:3      | Gained mutation: You have large cloven feet. [demonic
                  | ancestry]
  2274 | D:3      | Reached XP level 4. HP: 22/35 MP: 4/4
  2594 | D:3      | Reached skill level 3 in Long Blades
  2874 | D:3      | Noticed a bullfrog
  2877 | D:3      | Killed a bullfrog
  2878 | D:3      | Reached skill level 1 in Dodging
  2878 | D:3      | Gained mutation: You are mostly covered in slimy green
                  | scales. (AC +3) [demonic ancestry]
  2878 | D:3      | Reached XP level 5. HP: 38/41 MP: 5/5
  2959 | D:3      | Bought a +2 vampiric falchion for 315 gold pieces
  2994 | D:4      | Found a staircase to the Ecumenical Temple.
  3149 | D:4      | Found a sacrificial altar of Ru.
  3299 | D:4      | Gained mutation: You sometimes emit foul miasma when
                  | damaged in melee. [demonic ancestry]
  3299 | D:4      | Reached XP level 6. HP: 47/47 MP: 6/6
  3343 | D:4      | Reached skill level 4 in Long Blades
  3522 | D:4      | Noticed Natasha
  3531 | D:4      | Killed Natasha
  3951 | D:4      | Noticed Natasha
  3972 | D:4      | Killed Natasha
  4104 | D:4      | Noticed Natasha
  4112 | D:4      | Killed Natasha
  4406 | D:5      | Entered Level 5 of the Dungeon
  4421 | D:4      | Reached XP level 7. HP: 51/53 MP: 7/7
  4636 | D:5      | Reached skill level 5 in Long Blades
  4811 | D:5      | Noticed Ijyb
  4821 | D:5      | Killed Ijyb
  5104 | D:5      | Reached skill level 6 in Long Blades
  5104 | D:5      | Reached skill level 1 in Axes
  5104 | D:5      | Reached skill level 1 in Maces & Flails
  5104 | D:5      | Reached skill level 1 in Polearms
  5104 | D:5      | Reached skill level 1 in Staves
  5104 | D:5      | Reached skill level 1 in Slings
  5104 | D:5      | Reached skill level 1 in Throwing
  5104 | D:5      | Reached skill level 5 in Armour
  5104 | D:5      | Reached skill level 1 in Unarmed Combat
  5104 | D:5      | Reached skill level 1 in Spellcasting
  5104 | D:5      | Reached skill level 1 in Conjurations
  5104 | D:5      | Reached skill level 1 in Hexes
  5104 | D:5      | Reached skill level 1 in Summonings
  5104 | D:5      | Reached skill level 1 in Necromancy
  5104 | D:5      | Reached skill level 1 in Translocations
  5104 | D:5      | Reached skill level 1 in Transmutations
  5104 | D:5      | Reached skill level 1 in Fire Magic
  5104 | D:5      | Reached skill level 1 in Ice Magic
  5104 | D:5      | Reached skill level 1 in Air Magic
  5104 | D:5      | Reached skill level 1 in Earth Magic
  5104 | D:5      | Reached skill level 1 in Poison Magic
  5104 | D:5      | Reached skill level 1 in Evocations
  5104 | D:5      | Reached XP level 8. HP: 61/61 MP: 7/10
  5497 | D:6      | Gained mutation: You have hoof-like feet. [demonic
                  | ancestry]
  5497 | D:6      | Reached XP level 9. HP: 38/66 MP: 11/11
  6175 | D:6      | Found a shimmering altar of Xom.
  6883 | D:3      | Bought a +6 ring of strength for 877 gold pieces
  7057 | D:7      | Reached skill level 7 in Long Blades
  7061 | D:7      | Reached skill level 5 in Fighting
  7405 | D:7      | Found a shimmering blue altar of Sif Muna.
  7459 | D:7      | Identified the +8 hunting sling of the Chain {flame, rF++
                  | rC+ Str-2 Int+3}
  7955 | D:7      | Reached skill level 8 in Long Blades
  8712 | D:8      | Noticed an eight-headed hydra
  8726 | D:8      | HP: 1/68 [12-headed hydra (10)]
  8727 | D:8      | Slain by a 12-headed hydra

Illustrated notes

Levels and vault maps discovered:
D:1:      ebering_trefoil_twist, layout_basic, grunt_decor_resistance,
          minmay_misc_feat_rugged, nicolae_concentric_dashed_squares_mild
D:2:      layout_loops_ring
D:3:      layout_rooms, grunt_gozag_breadcrumbs, ebering_ecumenical_altar_mist,
          hangedman_abyss_or_decor_stabs, minmay_between
D:4:      layout_basic, nicolae_overflow_squiral,
          minmay_temple_entry_large_hall, uniq_natasha
D:5:      layout_rooms, uniq_ijyb
D:6:      layout_loops_ring, mainiacjoe_overflow_tiny_flanked
D:7:      layout_loops_ring, lemuel_blue_sif_altar, amcnicky_altar_gilded
D:8:      layout_basic, mainiacjoe_overflow_paths, marbit_many_paths,
          serial_shops, shop_fountains, uniq_joseph

Skill      XL: |  1  2  3  4  5  6  7  8  9 |
---------------+----------------------------+-----
Long Blades    | 2 3 4 6 8 |  8.2
Armour         | 3 4 5 |  5.3
Shields        | 3 4 |  4.4
Dodging        | 1 2 3 |  3.3
Fighting       | 4 5 |  5.1
Short Blades   | 2 |  2.3
Axes           | 1 |  1.5
Maces & Flails | 1 |  1.5
Polearms       | 1 |  1.5
Staves         | 1 |  1.5
Slings         | 1 |  1.5
Bows           | 2 |  2.2
Crossbows      | 2 |  2.0
Throwing       | 1 |  1.5
Stealth        | 2 |  2.1
Unarmed Combat | 1 |  1.5
Spellcasting   | 1 |  1.5
Conjurations   | 1 |  1.7
Hexes          | 1 |  1.7
Summonings     | 1 |  1.7
Necromancy     | 1 |  1.9
Translocations | 1 |  1.5
Transmutations | 1 |  1.5
Fire Magic     | 1 |  1.5
Ice Magic      | 1 |  1.5
Air Magic      | 1 |  1.5
Earth Magic    | 1 |  1.8
Poison Magic   | 1 |  1.7
Invocations    | 2 |  2.3
Evocations     | 1 |  1.7

Action                   |  1- 3 |  4- 6 |  7- 9 || total
-------------------------+-------+-------+-------++-------
Melee: Long sword        |   145 |    45 |       ||   190
       Kick              |       |    32 |   119 ||   151
       Falchion          |       |    99 |   323 ||   422
Invok: Call Merchant     |       |     1 |       ||     1
  Use: Scroll            |     6 |     1 |     6 ||    13
       Potion            |       |     5 |    12 ||    17
 Stab: Distracted        |       |       |     2 ||     2
Armor: Scale mail        |   104 |    65 |   113 ||   282
Dodge: Dodged            |   114 |   100 |   217 ||   431
Block: Buckler           |    48 |    30 |    76 ||   154

Table legend: (Time is in decaauts)
 A = Elapsed time spent in this place.
 B = Non-inter-level travel time spent in this place.
 C = Inter-level travel time spent in this place.
 D = Time resting spent in this place.
 E = Time spent auto-exploring this place.
 F = Levels seen in this place.
 G = Mean time per level.
                   A        B        C        D        E       F      G
               +--------+--------+--------+--------+--------+-----+--------+
         Total |   8772 |   7851 |    921 |    448 |   5862 |   8 | 1096.5 |
       Dungeon |   8772 |   7851 |    921 |    448 |   5862 |   8 | 1096.5 |
               +--------+--------+--------+--------+--------+-----+--------+

Top non-repeatable levels by time:
     D:4: 1855 daAuts
     D:7: 1491 daAuts
     D:6: 1423 daAuts
     D:3: 1047 daAuts
     D:2: 1038 daAuts
     D:1: 1003 daAuts
     D:5: 739 daAuts
     D:8: 173 daAuts
